 Dungeon Crawl Stone Soup version 0.32-a0-791-gfc315c9ecd (webtiles) character file.

Game seed: 15166428645534158640

450957 Sirjeffry24 the Crack Shot (level 22, -2/192 HPs)
             Began as a Coglin Hunter on Mar 18, 2024.
             Was the Champion of Beogh.
             Slain by a titan simulacrum (21 damage)
             ... in the Vestibule of Hell on Mar 20, 2024.
             The game lasted 02:02:21 (37453 turns).

Sirjeffry24 the Crack Shot (Coglin Hunter)         Turns: 37453, Time: 02:02:21

Health: -2/192     AC: 23    Str: 12    XL:     22   Next: 95%
Magic:  26/26      EV: 20    Int: 10    God:    Beogh [******]
Gold:   1406       SH:  0    Dex: 30    Spells: 16/26 levels left

rFire   . . .        y - +6 hand cannon of Colih {penet, Dex+3}
rCold   + . .        S - +9 hand cannon (heavy) {Zdislav}
rNeg    + . .        g - +8 Cigotuvi's embrace {Corpsefed rMiasma ^Drain rN+}
rPois   +            x - +2 hood of the Assassin {Detect Stab+ Stlth++}
rElec   .            I - +2 cloak {rC+}
rCorr   +            e - +2 pair of gloves of Undesirable Species {Regen+}
SInv    .            i - +2 pair of boots {Fly}
Will    +....        (amulet unavailable)
Stlth   ++++++       (ring unavailable)
HPRegen 2.12/turn    (ring unavailable)
MPRegen 0.60/turn    M - pneumatic hydrotransmogrifier {rPois Regen+ RegenMP+ rCorr Slay+3}

%: no passive effects
@: flying
A: walk on water, off-hand wielding, slow wielding, warmup strikes, no
jewellery, MP-powered wands
}: 3/15 runes: decaying, serpentine, abyssal
a: Renounce Religion, Smiting, Recall Apostles, Blood for Blood, Dismiss
Marbaugh, warrior, Dismiss Gorbash, wizard, Dismiss Bogward, priest


You were in the Vestibule of Hell.
You worshipped Beogh.
Beogh was exalted by your worship.
You visited 8 branches of the dungeon, and saw 38 of its levels.
You visited the Abyss 1 time.
You visited 1 bazaar.
You also visited: Ice Cave and Wizlab.

You collected 4772 gold pieces.
You spent 3366 gold pieces at shops.

Inventory:

Hand Weapons
 y - the +6 hand cannon of Colih (weapon) {penet, Dex+3}
   (You acquired it on level 10 of the Dungeon)

   Dex+3:     It affects your dexterity (+3).
 S - a +9 heavy hand cannon (offhand) {Zdislav}
 V - the +7 sceptre of Torment {pain, torment}
   (You found it on level 3 of the Depths)
Armour
 e - the +2 pair of gloves of Undesirable Species (worn) {Regen+}
   (You found it on level 3 of the Elven Halls)

   Regen+:    It increases your rate of health regeneration.
 g - the +8 Cigotuvi's embrace (worn) {Corpsefed rMiasma ^Drain rN+}
   (You bought it in a shop on level 2 of the Orcish Mines)

   Corpsefed: It gathers nearby corpses to temporarily increase the armour it
   provides.
   rMiasma:   It protects you from foul pestilence.
   rN+:       It protects you from negative energy.
   ^Drain:    It drains your maximum health when unequipped.
 i - a +2 pair of boots of flying (worn)
 x - the +2 hood of the Assassin (worn) {Detect Stab+ Stlth++}
   (You found it on level 9 of the Dungeon)

   Detect:    It allows the wearer to sense nearby creatures.
   Stab+:     It allows the wearer to make particularly effective stabbing
   attacks against helpless or unaware enemies with any weapon.
   Stlth++:   It makes you much more stealthy.
 I - a +2 cloak of cold resistance (worn)
 Q - the +4 robe of Folly {Brill Will-∞ Int+8}
   (You found it on level 5 of the Lair of Beasts)

   Brill:     It increases the power of your magical spells and halves their MP
   cost (rounding up).
   Will-∞: It reduces your willpower to zero.
   Int+8:     It affects your intelligence (+8).
Gizmo
 M - a pneumatic hydrotransmogrifier (installed) {rPois Regen+ RegenMP+ rCorr Slay+3}
   (You invented it yourself on level 14 of the Dungeon)

   [pneumatic hydrotransmogrifier]

   Slay+3:    It affects your accuracy & damage with ranged weapons and melee
   (+3).
   rPois:     It protects you from poison.
   Regen+:    It increases your rate of health regeneration.
   rCorr:     It protects you from acid and corrosion.
   RegenMP+:  It increases your rate of magic regeneration.
Wands
 q - a wand of paralysis (30)
 s - a wand of polymorph (29)
 A - a wand of warping (50)
 J - a wand of flame (74)
 O - a wand of mindburst (22)
 R - a wand of acid (19)
 T - a wand of digging (2)
Scrolls
 b - 6 scrolls of fog
 d - 5 scrolls of vulnerability
 k - 13 scrolls of teleportation
 m - 8 scrolls of amnesia
 n - 5 scrolls of silence
 r - 3 scrolls of enchant armour
 v - 3 scrolls of revelation
 w - 6 scrolls of poison
 B - 7 scrolls of fear
 C - 4 scrolls of butterflies
 D - 4 scrolls of immolation
 F - 3 scrolls of brand weapon
 G - 18 scrolls of identify
 H - 6 scrolls of blinking
 P - a scroll of torment
Potions
 c - 10 potions of curing
 f - 5 potions of cancellation
 h - 3 potions of might
 j - 6 potions of berserk rage
 l - 3 potions of mutation
 o - 6 potions of haste
 p - 3 potions of enlightenment
 t - 5 potions of ambrosia
 u - 5 potions of brilliance
 E - 2 potions of magic
 K - 3 potions of lignification
 L - 2 potions of attraction
 N - 5 potions of heal wounds
 U - 2 potions of resistance
Miscellaneous
 a - a phantom mirror
 z - a condenser vane


   Skills:
 + Level 20.6 Fighting
 + Level 23.3 Ranged Weapons
 + Level 6.7 Armour
 + Level 8.8 Dodging
 + Level 5.0 Stealth
 - Level 2.6 Spellcasting
 * Level 7.3 Hexes
 * Level 11.2 Translocations
 + Level 0.2 Invocations
 * Level 21.0 Evocations


You had 16 spell levels left.
You knew the following spells:

 Your Spells              Type           Power      Damage    Failure   Level
a - Dimensional Bullseye  Hex/Tloc       10%        N/A       8%          4
b - Blink                 Tloc           46%        N/A       1%          2
c - Passage of Golubria   Tloc           23%        N/A       3%          4

Your spell library contained the following spells:

 Spells                   Type           Power      Damage    Failure   Level
 Slow                     Hex            64%        N/A       1%          1
 Lesser Beckoning         Tloc           46%        N/A       1%          2
 Gell's Gravitas          Tloc           23%        N/A       1%          3
 Teleport Other           Tloc           23%        N/A       1%          3
 Manifold Assault         Tloc           23%        N/A       3%          4
 Confusing Touch          Hex            16%        N/A       5%          3
 Tukima's Dance           Hex            16%        N/A       5%          3
 Volatile Blastmotes      Fire/Tloc      24%        2d12      11%         3
 Inner Flame              Hex/Fire       8%         N/A       24%         3
 Foxfire                  Conj/Fire      4%         2x1d4     34%         1
 Necrotise                Necr           4%         1d4       34%         1
 Sandblast                Erth           2%         2d4       34%         1
 Shock                    Conj/Air       4%         1d3       34%         1
 Sting                    Conj/Alch      4%         1d3       34%         1
 Iskenderun's Mystic Bla  Conj/Tloc      12%        2d5       34%         4
 Cigotuvi's Dreadful Rot  Necr/Alch/Air  2%         N/A       47%         2
 Mercury Vapours          Alch/Air       2%         N/A       47%         2
 Dispersal                Tloc           11%        N/A       47%         6
 Summon Forest            Summ/Tloc      6%         N/A       69%         5
 Call Canine Familiar     Summ           1%         N/A       71%         3
 Fugue of the Fallen      Necr           1%         N/A       71%         3
 Ozocubu's Armour         Ice            1%         N/A       71%         3
 Stone Arrow              Conj/Erth      2%         3d7       71%         3
 Summon Ice Beast         Ice/Summ       1%         N/A       71%         3
 Swiftness                Air            1%         N/A       71%         3
 Vampiric Draining        Necr           1%         2d6       71%         3
 Metabolic Englaciation   Hex/Ice        4%         N/A       91%         5
 Summon Mana Viper        Hex/Summ       8%         N/A       91%         5
 Yara's Violent Unravell  Hex/Alch       4%         3d4       91%         5
 Airstrike                Air            0%         2d(1-17)  98%         4
 Animate Armour           Summ/Erth      2%         N/A       98%         4
 Animate Dead             Necr           1%         N/A       98%         4
 Brom's Barrelling Bould  Conj/Erth      1%         2d3       98%         4
 Dispel Undead            Necr           1%         3d6       98%         4
 Ignite Poison            Fire/Alch      1%         N/A       98%         4
 Leda's Liquefaction      Alch/Erth      0%         N/A       98%         4
 Martyr's Knell           Necr/Summ      1%         N/A       98%         4
 Olgreb's Toxic Radiance  Alch           1%         N/A       98%         4
 Summon Blazeheart Golem  Fire/Summ      1%         N/A       98%         4
 Summon Lightning Spire   Summ/Air       1%         N/A       98%         4
 Borgnjor's Vile Clutch   Necr/Erth      0%         N/A       100%        5
 Fireball                 Conj/Fire      0%         3d3       100%        5
 Iskenderun's Battlesphe  Conj           1%         2d6       100%        5
 Lee's Rapid Deconstruct  Erth           0%         3d4*      100%        5
 Conjure Ball Lightning   Conj/Air       0%         3x3d6     100%        6
 Death Channel            Necr           0%         N/A       100%        6
 Permafrost Eruption      Ice/Erth       0%         2x4d2     100%        6
 Sculpt Simulacrum        Ice/Alch       0%         N/A       100%        6
 Starburst                Conj/Fire      0%         6d3       100%        6
 Summon Cactus Giant      Summ           0%         N/A       100%        6
 Orb of Destruction       Conj           0%         9d5       100%        7
 Ozocubu's Refrigeration  Ice            0%         4d7       100%        7
 Spellforged Servitor     Conj/Summ      0%         N/A       100%        7
 Lehudib's Crystal Spear  Conj/Erth      0%         10d2      100%        8
 Dragon's Call            Summ           0%         N/A       100%        9
 Polar Vortex             Ice            0%         N/A       100%        9
 Shatter                  Erth           0%         3d5*      100%        9


Dungeon Overview and Level Annotations

Branches:
Dungeon (15/15)            Temple (0/1) D:6            Lair (5/5) D:11
  Swamp (4/4) Lair:3        Snake (4/4) Lair:2        Slime (0/5) Lair:5
    Orc (2/2) D:10            Elf (3/3) Orc:2        Vaults (0/5) D:13
 Depths (4/4) D:15           Hell (1/1)                 Zot (0/5) Depths:4
  IceCv (visited)          WizLab (visited)
    Dis: Hell:1         Geh: Hell:1         Coc: Hell:1         Tar: Hell:1

Altars:
Dithmenos
Fedhas
Gozag
Kikubaaqudgha
Okawaru
Qazlal
Ru
Sif Muna
Uskayaw
The Shining One
Beogh

Shops:
D:7 =   D:10 ?   D:15 [   Orc:2 *?*[   Snake:4 ::?(   Depths:1 :

Portals:
Hell: Depths:1 Depths:2 Depths:3 Depths:4
Abyss: Depths:1 Depths:3
Pandemonium: Depths:1 Depths:2
Ziggurat: Depths:1

Annotations:
D:10 4 transporters
Swamp:2 2 transporters, Doorstop00's ghost, adept MiBe


Innate Abilities, Weirdness & Mutations

You can walk on water.
Your facial features are unmistakably orcish.
You can wield a second weapon in your off-hand.
It takes a long time for you to wield or remove held weapons.
Your first few attacks do less damage.
You cannot equip rings or amulets.
You expend magic power (3 MP) to strengthen your wands.


Message History

You start resting.
A chunk of your corpse armour falls away. x2
You start resting.
A chunk of your corpse armour falls away.
Your ice devil disappears in a puff of smoke!
You fly down through the gate.
Welcome back to the Vestibule of Hell!
Your battlesphere dissipates.
A chunk of your corpse armour falls away.
The spriggan defender simulacrum barely misses you.
The iron giant zombie hits you!! The necromancer casts a spell at you.
The bolt of negative energy hits the black mamba zombie.
The black mamba zombie completely resists.
The bolt of negative energy hits you but does no damage.
You partially resist.
The spriggan defender simulacrum hits you.
The spriggan defender simulacrum freezes you!!
You resist. The titan simulacrum hits you!! The titan simulacrum freezes you!!
You resist.
* * * LOW HITPOINT WARNING * * *
The stone giant skeleton hits you.
* * * LOW HITPOINT WARNING * * *
The black mamba zombie bites you but does no damage.
A rust devil comes into view.
The iron giant zombie closely misses you.
The spriggan defender simulacrum hits you.
* * * LOW HITPOINT WARNING * * *
The spriggan defender simulacrum freezes you!!
You resist.
* * * LOW HITPOINT WARNING * * *
You hear a roar!
There is a gateway back to the Dungeon, spattered with blood here.
Unknown command.
Unknown command.
The black mamba zombie bites you!
* * * LOW HITPOINT WARNING * * *
The titan simulacrum hits you.
* * * LOW HITPOINT WARNING * * *
The titan simulacrum freezes you!! You resist.
You die...

...##.....##
..#∩......#
..........4 ..
,.....p2...
...###....[4...
...3..ZZZ}.....
.....2ZZZ......
,,{#@ZZ....#
{##Z.3..##
,Z...... {
,Z......
{,..#....
....... .......
.... ..


You could see a balrug, a reaper, an orange demon, a rust devil, a necromancer,
2 smoke demons, a spriggan defender simulacrum, a titan simulacrum, a black
mamba zombie, a demonspawn zombie, an ettin zombie, a titan zombie, an iron
giant zombie, a fenstrider witch zombie, a dire elephant skeleton, a harpy
skeleton and a stone giant skeleton.

Vanquished Creatures
  A juggernaut (Depths:4)
  3 royal mummies (Depths:3)
  Boris (Depths:2)
  Saint Roka (Orc:2)
  Vashnia (Snake:3)
  Geryon (Hell)
  2 bone dragons
  A Hellbinder (WizLab)
  2 hellephants (WizLab)
  Jorgrun (Orc:2)
  Zenata (Elf:1)
  Asterion (Depths:2)
  2 liches
  A sphinx (Depths:2)
  A quicksilver dragon (Depths:4)
  2 deep elf blademasters
  5 deep elf master archers (Elf:3)
  4 tentacled starspawn (Abyss:3)
  4 tengu reavers
  A storm dragon (Depths:3)
  Donald (Elf:1)
  An azure jelly (Swamp:4)
  5 nagarajas
  Aizul (Elf:3)
  A fire giant (Depths:3)
  4 frost giants
  2 balrugs
  5 deep elf sorcerers (Elf:3)
  2 deep elf elementalists (Elf:3)
  3 cacodemons
  18 very ugly things
  9 stone giants
  2 spriggan defenders (Depths:2)
  2 vampire knights
  A deep elf annihilator (Elf:3)
  A yellow draconian (Depths:4)
  4 eleionomae
  2 deep elf death magi
  A deep elf demonologist (Elf:3)
  A purple draconian (Depths:4)
  A red draconian (Depths:4)
  4 bunyips
  4 lorocyprocas
  11 starcursed masses
  A spark wasp (Depths:2)
  8 ettins
  2 green deaths
  A blizzard demon (WizLab)
  A merfolk impaler (Depths:4)
  2 mummy priests (Depths:3)
  3 shambling mangroves
  5 fire dragons
  A yaktaur captain (D:13)
  An entropy weaver (shapeshifter) (D:15)
  A rakshasa (Depths:2)
  Josephine (D:14)
  2 jiangshi (Depths:3)
  A ghost crab (Swamp:4)
  A spriggan zombie (Abyss:3)
  An anaconda (shapeshifter) (Depths:4)
  11 hydras
  5 salamander tyrants
  5 alligators
  A hell beast (WizLab)
  4 spriggan air magi
  2 ironbound frosthearts (IceCv)
  A centaur warrior (D:15)
  A catoblepas (Lair:1)
  9 ice dragons
  22 dancing weapons
  10 anacondas
  A spriggan skeleton (Hell)
  8 tengu warriors
  6 two-headed ogres
  2 boulder beetles
  6 deep troll earth magi
  4 deep troll shamans
  3 hell hogs
  3 death yaks (IceCv)
  4 orc high priests
  25 naga sharpshooters
  2 vampire magi
  14 naga warriors
  5 shock serpents
  12 hell knights
  7 soul eaters
  2 spriggan berserkers
  4 thrashing horrors (Abyss:3)
  4 occultists
  Amaemon (D:11)
  7 salamander mystics
  A skyshark (shapeshifter) (Depths:1)
  11 deep elf knights
  9 spriggans
  5 wretched stars
  A sixfirhy (WizLab)
  4 sun demons
  5 skeletal warriors (D:15)
  7 iron trolls
  A skyshark (Lair:5)
  2 spriggan druids (Swamp:2)
  Lodul (D:11)
  3 goliath frogs
  3 large abominations (Abyss:3)
  A flayed ghost (Depths:2)
  10 mana vipers
  A glowing orange brain (Depths:3)
  11 deep trolls
  An arcanist (D:13)
  3 bog bodies
  2 swamp dragons
  8 naga ritualists
  2 obsidian bats
  An orc sorcerer (Depths:4)
  8 necromancers
  A lindwurm (Lair:5)
  2 orc knights
  8 deep elf archers
  A phantasmal warrior (Abyss:3)
  2 thermic dynamos (Elf:1)
  An orange crystal statue (Depths:4)
  13 deep elf pyromancers
  2 manticores
  30 ugly things
  14 deep elf zephyrmancers
  3 will-o-the-wisps
  17 salamanders
  3 cyclopes
  An ice statue (IceCv)
  29 black mambas
  2 rust devils
  A worldbinder (Abyss:2)
  8 kobold blastminers
  7 guardian serpents
  Joseph (D:7)
  2 apocalypse crabs (Abyss:2)
  4 elephants
  A molten gargoyle (Depths:3)
  2 gargoyles
  19 naga magi
  5 smoke demons
  A torpor snail (Lair:1)
  Maggie (Lair:2)
  An unseen horror (D:12)
  4 orange demons
  3 rime drakes
  6 cane toads
  5 komodo dragons
  2 yaktaurs (D:13)
  An anaconda simulacrum (Hell)
  10 tengu conjurers
  2 tormentors
  3 freezing wraiths (Swamp:4)
  4 red devils
  2 ancient zymes (Abyss:3)
  7 trolls
  3 hellwings
  2 bloated husks
  13 polar bears
  13 hornets
  6 tyrant leeches
  11 blink frogs
  A raiju (Abyss:3)
  A glass eye (Depths:4)
  A dream sheep (Lair:3)
  2 air elementals
  4 shadows
  11 wraiths
  10 water elementals
  A yak (shapeshifter) (Abyss:2)
  3 fire elementals
  6 wyverns
  A fire bat (Abyss:3)
  46 yaks
  6 wargs (Orc:2)
  Grum (D:9)
  3 swamp worm simulacra (Swamp:4)
  3 basilisks
  2 steam dragons
  2 chaos spawn (Abyss:3)
  3 neqoxecs (Abyss:3)
  8 vampire mosquitoes
  3 small abominations (Abyss:3)
  14 water moccasins
  10 swamp worms
  2 hell hounds (Depths:1)
  A harpy simulacrum (Hell)
  3 acid dragons
  53 nagas
  11 hydra simulacra (Swamp:4)
  10 orc warriors
  2 ice beasts
  4 black bears
  5 laughing skulls (Abyss:3)
  13 ogres
  3 boggarts (Lair:5)
  3 centaurs
  41 wolves
  A kobold brigand (D:6)
  5 weeping skulls
  11 bullfrogs
  An earth elemental (Elf:1)
  A scorpion (D:4)
  A troll zombie (D:10)
  7 killer bees
  4 howler monkeys
  An electric eel (D:7)
  A spectral centaur (D:9)
  A crimson imp (Abyss:3)
  A quasit (Abyss:3)
  A centaur skeleton (D:9)
  2 centaur zombies (D:9)
  5 jellies
  8 orc priests
  8 hounds
  A gnoll bouda (D:7)
  3 iguanas
  2 sleepcaps (D:4)
  13 orc wizards
  2 ogre zombies (D:10)
  A howler monkey zombie (D:9)
  11 adders
  3 gnolls (D:7)
  3 shadow imps
  5 swamp drake simulacra (Swamp:4)
  4 dart slugs
  2 ribbon worms (D:2)
  26 orcs
  9 ball pythons
  5 bats
  8 endoplasms
  A giant cockroach (D:3)
  A gnoll zombie (D:10)
  9 goblins
  7 hobgoblins
  A jackal (D:3)
  6 kobolds
  4 quokkas
  14 frilled lizards
  2 gnoll skeletons (D:10)
  4 orc skeletons (D:10)
  7 orc zombies (D:10)
  5 rats
  A starspawn tentacle (Abyss:3)
1237 creatures vanquished.

Vanquished Creatures (collateral kills)
  A deep elf blademaster (Elf:3)
  A tengu reaver (Depths:2)
  A fenstrider witch (Swamp:4)
  A draconian knight (Depths:4)
  2 frost giants
  A deep elf sorcerer (Elf:3)
  A balrug (WizLab)
  A deep elf elementalist (Elf:3)
  4 very ugly things
  A spriggan defender (Depths:2)
  A vampire knight (Depths:1)
  A deep elf death mage (Elf:3)
  2 deep elf annihilators (Elf:3)
  A lorocyproca (WizLab)
  3 bunyips
  2 spark wasps (Depths:1)
  2 ettins
  A yellow draconian (Depths:4)
  A jiangshi (Depths:3)
  5 fire dragons
  2 great orbs of eyes (Depths:1)
  A hydra (D:15)
  A rakshasa (Depths:1)
  4 ice dragons
  4 anacondas
  A two-headed ogre (D:11)
  2 hell beasts (WizLab)
  4 dancing weapons
  A deep troll shaman (Depths:1)
  A hell hog (Depths:1)
  An occultist (Depths:1)
  An orc high priest (Depths:1)
  2 naga warriors (Snake:4)
  A spriggan berserker (Swamp:3)
  A hell knight (Depths:1)
  2 soul eaters
  3 naga sharpshooters
  6 deep elf knights
  A fire crab (Lair:4)
  A sun demon (WizLab)
  A salamander mystic (Snake:3)
  A skyshark (Lair:5)
  An iron troll (Depths:1)
  4 mana vipers
  2 naga ritualists
  A phantasmal warrior (Depths:1)
  An orc knight (Depths:1)
  A necromancer (Hell)
  3 deep elf archers
  An obsidian bat (Orc:2)
  3 deep elf zephyrmancers
  2 ugly things
  2 orc sorcerers
  A shining eye (Depths:1)
  7 deep elf pyromancers
  5 salamanders
  2 orange demons
  An elephant (Lair:2)
  7 black mambas
  5 rust devils
  A naga mage (Snake:4)
  An eye of devastation (Depths:1)
  5 cane toads
  A hellion (WizLab)
  3 komodo dragons
  A freezing wraith (Swamp:4)
  3 yaktaurs
  A hellwing (WizLab)
  Psyche (D:11)
  2 polar bears
  A tyrant leech (Swamp:4)
  2 hornets
  6 blink frogs
  4 dream sheep (Lair:3)
  An air elemental (Elf:2)
  8 spriggans
  2 water elementals
  5 yaks
  2 fire elementals
  3 wraiths
  A black mamba skeleton (Hell)
  2 basilisks (Lair:2)
  4 vampire mosquitoes
  A warg (Elf:1)
  A swamp worm (Swamp:4)
  A swamp worm (shapeshifter) (Depths:1)
  8 nagas
  4 water moccasins
  A hydra simulacrum (Swamp:4)
  6 hell hounds (Depths:1)
  3 orc warriors (Orc:2)
  A black bear (Lair:5)
  4 ogres (D:11)
  9 wolves
  A centaur (D:12)
  3 bullfrogs
  2 earth elementals
  A troll zombie (D:10)
  An orc priest (Orc:2)
  2 ogre zombies (D:10)
  2 orcs (Orc:2)
  An endoplasm (Lair:5)
  A gnoll zombie (D:10)
  An orc skeleton (D:10)
  3 orc zombies (D:10)
  2 butterflies (Lair:1)
243 creatures vanquished.

Vanquished Creatures (others)
  An orc high priest (Orc:2)
  27 orc apostles
  An orc sorcerer (Orc:2)
  2 bloated husks (Swamp:3)
  A hornet (Swamp:4)
  A warg (Elf:1)
  A swamp worm (Swamp:3)
  A hydra simulacrum (Swamp:4)
  3 orc warriors
  An ogre (Orc:2)
  A centaur (D:8)
  2 orc wizards
  A gnoll (D:7)
  10 orcs
  2 foxfires (Swamp:1)
  A lurking horror (Abyss:3)
  3 starspawn tentacles (Abyss:3)
59 creatures vanquished.

Grand Total: 1539 creatures vanquished

Notes
Turn   | Place    | Note
-------+----------+-------------------------------------------
     0 | D:1      | Sirjeffry24 the Coglin Hunter began the quest for the Orb.
     0 | D:1      | Reached XP level 1. HP: 16/16 MP: 1/1
   121 | D:1      | Reached skill level 4 in Ranged Weapons
   121 | D:1      | Reached XP level 2. HP: 22/22 MP: 2/2
   357 | D:1      | Reached XP level 3. HP: 27/27 MP: 3/3
   685 | D:2      | Found a faded altar of an unknown god.
   840 | D:2      | Reached skill level 5 in Ranged Weapons
   840 | D:2      | Reached XP level 4. HP: 33/33 MP: 4/4
  1638 | D:3      | Reached XP level 5. HP: 38/38 MP: 5/5
  1772 | D:3      | Reached skill level 6 in Ranged Weapons
  2198 | D:4      | Noticed an ogre
  2203 | D:4      | Killed an ogre
  2204 | D:4      | Reached XP level 6. HP: 44/44 MP: 6/6
  2462 | D:4      | Reached skill level 7 in Ranged Weapons
  2465 | D:4      | Found a shadowy altar of Dithmenos.
  2641 | D:4      | Reached XP level 7. HP: 45/50 MP: 7/7
  3068 | D:4      | Found a shimmering blue altar of Sif Muna.
  3228 | D:5      | Entered Level 5 of the Dungeon
  3839 | D:5      | Reached skill level 8 in Ranged Weapons
  4378 | D:5      | Reached XP level 8. HP: 52/56 MP: 8/8
  4481 | D:6      | Became a worshipper of Beogh the Shepherd
  4519 | D:5      | Reached skill level 9 in Ranged Weapons
  4809 | D:6      | Reached skill level 10 in Ranged Weapons
  5202 | D:6      | Found a staircase to the Ecumenical Temple.
  5510 | D:7      | Reached XP level 9. HP: 61/61 MP: 9/9
  5573 | D:7      | Noticed Joseph
  5657 | D:7      | Reached * piety under Beogh
  5697 | D:7      | Reached skill level 11 in Ranged Weapons
  5809 | D:7      | Found a sacrificial altar of Ru.
  6110 | D:7      | Killed Joseph
  6111 | D:7      | Reached skill level 12 in Ranged Weapons
  6406 | D:7      | Found Zumisacupi's Jewellery Shoppe.
  6473 | D:7      | Found an opulent altar of Gozag.
  6654 | D:8      | Found an iron altar of Okawaru.
  7178 | D:8      | Noticed a tengu warrior
  7630 | D:8      | Reached skill level 13 in Ranged Weapons
  7632 | D:8      | Reached XP level 10. HP: 43/67 MP: 10/10
  7754 | D:9      | Noticed Grum
  7773 | D:9      | Killed Grum
  7793 | D:9      | Reached ** piety under Beogh
  7935 | D:9      | Found a blossoming altar of Fedhas.
  8040 | D:9      | Found a stormy altar of Qazlal.
  8177 | D:9      | Reached skill level 14 in Ranged Weapons
  8410 | D:9      | Found a glowing golden altar of the Shining One.
  8521 | D:9      | Found the +2 hood of the Assassin {Detect Stab+ Stlth++}
  8599 | D:9      | Found an ancient bone altar of Kikubaaqudgha.
  8725 | D:10     | Entered Level 10 of the Dungeon
  8781 | D:10     | Reached skill level 1 in Evocations
  9182 | D:10     | Reached *** piety under Beogh
  9248 | D:10     | Noticed Worak
  9275 | D:10     | Anointed Worak the priest as your apostle
  9554 | D:10     | Found a staircase to the Orcish Mines.
  9720 | D:10     | Reached skill level 1 in Stealth
  9720 | D:10     | Reached XP level 11. HP: 75/75 MP: 11/11
  9754 | D:10     | Noticed Spirok
  9793 | D:10     | Anointed Spirok the priest as your apostle
 10173 | D:10     | Found a transporter.
 10206 | D:10     | Found a transporter.
 10328 | D:10     | Found Irronoes's Magic Scroll Shop.
 10331 | D:10     | Bought a scroll of acquirement for 624 gold pieces
 10331 | D:10     | Acquired the +6 hand cannon of Colih {penet, Dex+3}
 10678 | D:10     | Found a transporter.
 10707 | D:10     | Found a transporter.
 10745 | D:10     | Reached skill level 15 in Ranged Weapons
 11077 | D:11     | Noticed a two-headed ogre
 11086 | D:11     | Killed a two-headed ogre
 11090 | D:11     | Noticed Psyche
 11096 | D:11     | Killed Psyche
 11112 | D:11     | Reached skill level 5 in Fighting
 11323 | D:11     | Noticed Amaemon
 11334 | D:11     | Killed Amaemon
 11335 | D:11     | Reached skill level 5 in Evocations
 11335 | D:11     | Reached **** piety under Beogh
 11393 | D:11     | Upgraded the game from 0.32-a0-768-g0f6f1dd4b9 to
                  | 0.32-a0-779-g362cfcae2a
 11443 | D:11     | Found a staircase to the Lair.
 11476 | D:11     | Noticed Lodul
 11480 | D:11     | Killed Lodul
 11481 | D:11     | Reached skill level 1 in Armour
 11904 | D:12     | Reached XP level 12. HP: 88/88 MP: 12/12
 11910 | D:12     | Noticed a two-headed ogre
 11912 | D:12     | Killed a two-headed ogre
 11938 | D:12     | Noticed a two-headed ogre
 11942 | D:12     | Killed a two-headed ogre
 12167 | D:12     | Noticed a two-headed ogre
 12171 | D:12     | Killed a two-headed ogre
 12172 | D:12     | Reached skill level 16 in Ranged Weapons
 12189 | D:12     | Found an opulent altar of Gozag.
 12336 | D:13     | Noticed a yaktaur captain
 12346 | D:13     | Your ally Spirok died
 12349 | D:13     | Killed a yaktaur captain
 12408 | D:13     | Found a gate to the Vaults.
 12411 | D:13     | Reached ***** piety under Beogh
 12419 | D:13     | Found a frozen archway.
 12433 | IceCv    | Entered an ice cave
 12850 | IceCv    | Noticed a death yak
 12851 | IceCv    | Noticed a death yak
 12856 | IceCv    | Killed a death yak
 12861 | IceCv    | Killed a death yak
 13034 | IceCv    | Noticed an ironbound frostheart
 13034 | IceCv    | Noticed a death yak
 13035 | IceCv    | Noticed an ironbound frostheart
 13051 | IceCv    | Reached XP level 13. HP: 78/98 MP: 13/13
 13053 | IceCv    | Your ally Worak died
 13059 | IceCv    | Your ally Spirok died
 13334 | IceCv    | Reached skill level 17 in Ranged Weapons
 13549 | D:13     | Anointed Morbeogh the priest as your apostle
 14538 | D:14     | Reached skill level 10 in Evocations
 14573 | D:14     | Noticed Josephine
 14579 | D:14     | Killed Josephine
 15380 | D:15     | Entered Level 15 of the Dungeon
 15386 | D:14     | Reached XP level 14. HP: 96/109 MP: 14/14
 15387 | D:14     | Acquired a pneumatic hydrotransmogrifier {rPois Regen+
                  | RegenMP+ rCorr Slay+3}
 15567 | D:15     | Reached skill level 10 in Fighting
 15796 | D:15     | Reached skill level 18 in Ranged Weapons
 16017 | D:15     | Found a staircase to the Depths.
 16082 | D:15     | Your ally Worak died
 16198 | D:15     | Found Nukaotit's Antique Armour Emporium.
 16425 | Lair:1   | Entered Level 1 of the Lair of Beasts
 16840 | Lair:1   | Reached ****** piety under Beogh
 17339 | Lair:2   | You fall into a shaft and drop 2 floors!
 17739 | Lair:2   | Found a staircase to the Snake Pit.
 17800 | Lair:2   | Noticed Maggie
 17806 | Lair:2   | Killed Maggie
 17809 | Lair:2   | Reached XP level 15. HP: 108/120 MP: 15/15
 17893 | Lair:2   | Noticed Urug
 17900 | Lair:2   | Pacified Urug
 18271 | Lair:3   | Found a staircase to the Swamp.
 19483 | Lair:5   | Entered Level 5 of the Lair of Beasts
 19483 | Lair:5   | Found a staircase to the Slime Pits.
 19748 | Lair:5   | Found the +4 robe of Folly {Brill Will-∞ Int+8}
 19756 | Lair:5   | Got an earthy gem with 440 turns to spare
 19834 | Lair:5   | Anointed Learuk the wizard as your apostle
 20066 | Lair:5   | Identified the +2 robe of Instinct {rF+ Int+3}
 20501 | Orc:1    | Entered Level 1 of the Orcish Mines
 20509 | Orc:1    | Reached skill level 19 in Ranged Weapons
 20692 | Orc:2    | Entered Level 2 of the Orcish Mines
 20937 | Orc:1    | Found a roughly hewn altar of Beogh.
 21173 | Orc:2    | Noticed Jorgrun
 21179 | Orc:2    | Killed Jorgrun
 21336 | Orc:2    | Noticed Saint Roka
 21344 | Orc:2    | Found a roughly hewn altar of Beogh.
 21348 | Orc:2    | Killed Saint Roka
 21406 | Orc:2    | Found Kudycusk's General Store.
 21415 | Orc:2    | Reached XP level 16. HP: 131/131 MP: 16/16
 21419 | Orc:2    | Bought a phantom mirror for 520 gold pieces
 21419 | Orc:2    | Bought the +4 Cigotuvi's embrace {Corpsefed rMiasma ^Drain
                  | rN+} for 358 gold pieces
 21419 | Orc:2    | Found the +4 Cigotuvi's embrace {Corpsefed rMiasma ^Drain
                  | rN+}
 21449 | Orc:2    | Found Eluut's Magic Scroll Shoppe.
 21463 | Orc:2    | Bought a scroll of enchant weapon for 97 gold pieces
 21463 | Orc:2    | Bought a scroll of enchant weapon for 97 gold pieces
 21463 | Orc:2    | Bought a scroll of enchant armour for 97 gold pieces
 21463 | Orc:2    | Bought a scroll of fear for 52 gold pieces
 21463 | Orc:2    | Bought a scroll of blinking for 97 gold pieces
 21627 | Orc:2    | Found a staircase to the Elven Halls.
 21880 | Orc:2    | Found a roughly hewn altar of Beogh.
 21984 | Orc:2    | Found Gefruos's Armour Boutique.
 22000 | Orc:2    | Found Jemof's Assorted Antiques.
 22321 | Snake:1  | Entered Level 1 of the Snake Pit
 22466 | Snake:1  | Reached skill level 5 in Dodging
 22676 | Snake:1  | Reached skill level 15 in Evocations
 22817 | Snake:2  | Your ally Learuk died
 22828 | Snake:2  | Your ally Morbeogh died
 22848 | Snake:2  | Identified the +5 dagger "Gimengor" {holy, Str+3}
 22854 | Snake:2  | Anointed Bogmar the wizard as your apostle
 23174 | Snake:2  | Reached skill level 5 in Armour
 23189 | Snake:2  | Reached skill level 15 in Fighting
 23232 | Snake:2  | You are sucked into a shaft and drop 1 floor!
 23251 | Snake:3  | Noticed a nagaraja
 23255 | Snake:3  | Reached XP level 17. HP: 142/142 MP: 17/17
 23262 | Snake:3  | Your ally Bogmar died
 23477 | Snake:3  | Reached skill level 20 in Ranged Weapons
 23608 | Snake:4  | Entered Level 4 of the Snake Pit
 23617 | Snake:4  | Your ally Bogmar died
 23715 | Snake:4  | Found Xugup's Magic Scroll Shop.
 23717 | Snake:4  | Found Zariuka's Antique Weapon Shop.
 23717 | Snake:4  | Found Apycoree's Book Boutique.
 23722 | Snake:4  | Bought a scroll of enchant weapon for 142 gold pieces
 23722 | Snake:4  | Bought a scroll of blinking for 142 gold pieces
 23722 | Snake:4  | Bought 2 scrolls of teleportation for 114 gold pieces
 23722 | Snake:4  | Bought a scroll of fear for 76 gold pieces
 23726 | Snake:4  | Found Goekk's Book Boutique.
 23815 | Snake:4  | Bought the Tome of the Bewitching Volcano for 380 gold
                  | pieces
 23820 | Snake:4  | Learned a level 4 spell: Dimensional Bullseye
 23888 | Snake:4  | Your ally Bogmar died
 23890 | Snake:4  | Reached skill level 1 in Translocations
 23970 | Snake:4  | Your ally Learuk died
 23972 | Snake:4  | Your ally Morbeogh died
 24052 | Snake:4  | Reached XP level 18. HP: 107/151 MP: 9/18
 24062 | Snake:4  | Got a jade gem with 578 turns to spare
 24349 | Snake:4  | Upgraded the game from 0.32-a0-779-g362cfcae2a to
                  | 0.32-a0-791-gfc315c9ecd
 24380 | Snake:4  | Got a serpentine rune of Zot
 24545 | Snake:3  | Identified the +7 dagger "Xaabaodo" {venom, rPois Str+3}
 24545 | Snake:3  | Identified the +1 robe of the Gate {rN+}
 24545 | Snake:3  | Identified the orb of the Equator {*channel, rElec Will+
                  | Regen+ Str+2}
 24554 | Snake:3  | Anointed Argrim the wizard as your apostle
 24616 | Snake:3  | Your ally Argrim died
 24705 | Snake:3  | Noticed Vashnia
 24719 | Snake:3  | Killed Vashnia
 25408 | Swamp:1  | Entered Level 1 of the Swamp
 25528 | Swamp:3  | Your ally Argrim died
 25543 | Swamp:3  | Your ally Bogmar died
 25619 | Swamp:4  | Entered Level 4 of the Swamp
 25746 | Swamp:4  | Your ally Morbeogh died
 25754 | Swamp:4  | Reached skill level 21 in Ranged Weapons
 25754 | Swamp:4  | Reached skill level 5 in Translocations
 25757 | Swamp:4  | Got a mossy gem with 1426 turns to spare
 25760 | Swamp:4  | Got a decaying rune of Zot
 25882 | Swamp:4  | Paralysed by a fenstrider witch for 2 turns
 25888 | Swamp:4  | Your ally Argrim died
 25890 | Swamp:4  | Your ally Bogmar died
 26468 | Swamp:2  | Found a transporter.
 26471 | Swamp:2  | Noticed Doorstop00's ghost (adept MiBe)
 26479 | Swamp:2  | Found a transporter.
 26516 | Swamp:2  | You are sucked into a shaft and drop 1 floor!
 26542 | Swamp:2  | Got the Compendium of Sanguinolent Creation
 26793 | Swamp:1  | Anointed Marbaugh the warrior as your apostle
 26904 | Swamp:1  | Reached XP level 19. HP: 91/161 MP: 19/19
 27491 | Elf:1    | Entered Level 1 of the Elven Halls
 27509 | Elf:1    | Noticed Zenata
 27514 | Elf:1    | Paralysed by an air elemental for 1 turns
 27517 | Elf:1    | Killed Zenata
 27517 | Elf:1    | Paralysed by an air elemental for 1 turns
 27612 | Elf:1    | Found a flickering gateway to a bazaar.
 27631 | Bazaar   | Entered a bazaar
 27631 | Bazaar   | Found Maput's Distillery.
 27631 | Bazaar   | Found Viwn's Antique Armour Emporium.
 27633 | Bazaar   | Found Couhypli's Jewellery Emporium.
 27655 | Bazaar   | Found Azuimit's Distillery.
 27660 | Bazaar   | Bought a potion of heal wounds for 80 gold pieces
 27660 | Bazaar   | Bought a potion of heal wounds for 80 gold pieces
 27668 | Bazaar   | Bought a potion of resistance for 130 gold pieces
 27715 | Elf:3    | Entered Level 3 of the Elven Halls
 27890 | Elf:3    | Reached skill level 1 in Spellcasting
 28178 | Elf:3    | Identified the serpent talisman of the Learner {Fly MP+9
                  | Slay-3}
 28178 | Elf:3    | Noticed Aizul
 28183 | Elf:3    | Killed Aizul
 28430 | Elf:3    | Found the +5 Lochaber axe {reach-cleave, Poleaxe ^Drain}
 28510 | Elf:3    | Identified the +9 whip of Opued {speed, rElec rN+ Int-5}
 28606 | Elf:3    | Your ally Marbaugh died
 28611 | Elf:3    | Identified the +2 pair of gloves of Undesirable Species
                  | {Regen+}
 28627 | Elf:3    | Identified the +7 orcbow of the Tired Tables {freeze,
                  | ^Drain Int+4}
 28642 | Elf:3    | Identified the +3 bardiche of Nemelex Xobeh's Grace
                  | {freeze, rC+ rCorr Int+4}
 28658 | Elf:3    | Got the Anthology of the Pyre
 28691 | Elf:3    | Identified the +8 short sword "Otuse" {freeze, ^Drain rPois
                  | MP+9 Int-4 Dex+5}
 28710 | Elf:3    | Got the Writings on Oxidation
 28728 | Elf:3    | Got a shimmering gem with 584 turns to spare
 28748 | Elf:3    | Identified the +1 scale mail "Cegiumuw" {Str+6 Dex-2}
 28750 | Elf:3    | Identified the +2 scale mail "Gefutuzo" {rC++ Regen+}
 28756 | Elf:3    | Identified the ring "Deas" {+Blink rElec Will+ SInv}
 28788 | Elf:3    | Identified the staff of Eminent Domain {Will+ Conj}
 29281 | Elf:1    | Noticed Donald
 29289 | Elf:1    | Killed Donald
 30342 | Elf:2    | Reached skill level 1 in Hexes
 30377 | Elf:2    | Found a runed translucent gate.
 30378 | Elf:2    | Found a runed translucent gate.
 30378 | Elf:2    | Found a runed translucent gate.
 30527 | Elf:2    | Reached XP level 20. HP: 152/171 MP: 24/24
 30560 | Elf:2    | Your ally Bogmar died
 30568 | Elf:2    | Identified the +2 dagger "Ugaic" {antimagic, Fly rN+ Dex+3}
 30568 | Elf:2    | Identified the orb of the Saviour {*channel, *Slow Regen+
                  | Summ Alchemy}
 30570 | Elf:2    | Your ally Marbaugh died
 30571 | Elf:2    | Your ally Morbeogh died
 30579 | Elf:2    | Anointed Gorbash the wizard as your apostle
 31025 | Depths:1 | Entered Level 1 of the Depths
 31168 | Depths:2 | Noticed Asterion
 31176 | Depths:2 | Killed Asterion
 31191 | Depths:2 | Identified the +2 robe of the Flute {Int+3}
 31191 | Depths:2 | Noticed Boris
 31196 | Depths:2 | Your ally Gorbash died
 31401 | Depths:2 | Killed Boris
 31548 | Depths:2 | Reached skill level 22 in Ranged Weapons
 31587 | Depths:2 | Identified the ring "Ocka" {rElec rF+ MP+9}
 31588 | Depths:2 | Found a gateway to Hell.
 31655 | Depths:3 | Found a one-way gate to the infinite horrors of the Abyss.
 31729 | Depths:3 | Found a magical portal.
 31734 | WizLab   | Entered The Hall of the Hellbinder
 31825 | WizLab   | Noticed a hellephant
 31833 | WizLab   | Killed a hellephant
 31929 | WizLab   | Noticed Unuriro
 31929 | WizLab   | Noticed a hellephant
 31930 | WizLab   | Found a burning altar of Makhleb.
 31933 | WizLab   | Gained mutation: You are clumsy. (Dex -2) [a cacodemon]
 31934 | WizLab   | Your ally Morbeogh died
 31936 | WizLab   | Killed Unuriro the Hellbinder
 31937 | WizLab   | Reached XP level 21. HP: 94/180 MP: 25/25
 32018 | WizLab   | Got the Book of Invitation
 32039 | WizLab   | Got Wuulim's Omnibus of Transforming Silt
 32040 | WizLab   | Identified the ring "Zocit" {rN+ Int+4 Stlth-}
 32041 | WizLab   | Identified the ring of Monotheism {rF++ Will+ rCorr SInv}
 32228 | Depths:4 | Entered Level 4 of the Depths
 32418 | Depths:4 | Reached skill level 5 in Hexes
 32441 | Depths:4 | Found a gate to the Realm of Zot.
 32446 | Depths:4 | Got a midnight gem with 1951 turns to spare
 32867 | Depths:4 | Your ally Morbeogh died
 32881 | Depths:4 | Your ally Gorbash died
 32881 | Depths:4 | Your ally Marbaugh died
 32887 | Depths:4 | Identified the +7 flail of Fragile Peace {spect, ^Fragile
                  | Str+4 Stlth+}
 32895 | Depths:4 | Anointed Bogward the priest as your apostle
 33024 | Depths:4 | Identified the maw talisman of Cemaoski {rF+ rN+}
 33319 | Depths:4 | Noticed a juggernaut
 33330 | Depths:4 | Killed a juggernaut
 33556 | Depths:3 | Found a shimmering blue altar of Sif Muna.
 33755 | Depths:3 | Noticed a royal mummy
 33759 | Depths:3 | Killed a royal mummy
 33784 | Depths:3 | Noticed a royal mummy
 33789 | Depths:3 | Killed a royal mummy
 33845 | Depths:3 | Noticed a royal mummy
 33845 | Depths:3 | Found the +7 sceptre of Torment {pain, torment}
 33851 | Depths:3 | Killed a royal mummy
 34475 | Depths:2 | Reached skill level 10 in Translocations
 34872 | Depths:2 | Reached XP level 22. HP: 190/190 MP: 26/26
 34874 | Depths:2 | Found a one-way gate leading to the halls of Pandemonium.
 35077 | Depths:1 | Found a hide-covered altar of Uskayaw.
 35117 | Depths:1 | Found Bequ's Book Boutique.
 35125 | Depths:1 | Bought the Excursus on Brumal Coordinates for 280 gold
                  | pieces
 35132 | Depths:1 | Found a one-way gateway to a ziggurat.
 35251 | Depths:1 | Your ally Marbaugh died
 35394 | Depths:1 | Identified the +6 arbalest of Dirofotuo {elec, rCorr}
 35507 | Depths:1 | Reached skill level 23 in Ranged Weapons
 35725 | Depths:1 | Voluntarily entered the Abyss.
 35764 | Abyss:2  | Found a corrupted altar of Lugonu.
 35846 | Abyss:2  | Lost mutation: You are clumsy. (Dex -2) [potion of
                  | mutation]
 35846 | Abyss:2  | Gained mutation: You expend magic power (3 MP) to
                  | strengthen your wands. [potion of mutation]
 35941 | Abyss:3  | Found an ancient bone altar of Kikubaaqudgha.
 36167 | Abyss:3  | Got an abyssal rune of Zot
 36252 | Depths:1 | Escaped the Abyss
 36377 | Hell     | Entered the Vestibule of Hell
 36377 | Hell     | Noticed Geryon
 36384 | Hell     | Killed Geryon
 36810 | Depths:1 | Learned a level 2 spell: Blink
 36815 | Depths:1 | Learned a level 4 spell: Passage of Golubria
 36857 | Hell     | Reached skill level 5 in Stealth
 37453 | Hell     | Slain by a titan simulacrum

Illustrated notes

Levels and vault maps discovered:
D:1:      psy_arrival_terrarium, layout_rooms, nrook_uturn
D:2:      layout_loops_cross, basic_ecumenical_altar, minmay_lizard_king
D:3:      minmay_spotlight, layout_loops_ring
D:4:      layout_cave_pods, mainiacjoe_overflow_swirl, hellmonk_no_cap
D:5:      layout_basic, minmay_a_box_with_orc_wizards_in_it
D:6:      layout_cave_pools, minmay_temple_entry_wispy,
          minmay_gold_behind_fungi, grunt_ministairs_10
D:7:      layout_loops_corners, lemuel_doored_altar, kennysheep_mini_moat,
          kennysheep_crisscross, minmay_crystal_room,
          minmay_shop_enchanted_jewellery, uniq_joseph
D:8:      minmay_opposing_rooms, layout_rooms, mainiacjoe_overflow_alcove_1,
          mainiacjoe_overflow_24_doors, zin_statuary
D:9:      layout_roguey, lemuel_round_altar, fedhas_altar_2,
          mainiacjoe_overflow_small_starburst,
          nicolae_kikubaaqudgha_miasma_corner, hangedman_weighted_door,
          uniq_grum
D:10:     layout_basic, zombieorc1_lemuel, serial_shops, nicolae_shop_rolled_up,
          nicolae_transporter_intersection
D:11:     layout_cross, grunt_lair_entry_orc_guard_hut, uniq_amaemon,
          uniq_lodul, uniq_psyche
D:12:     layout_roguey, nicolae_gozag_cash_rules_everything_around_me
D:13:     layout_cave_pods, david_vaults_2, portal_ice_cave_entry_pillars_2
D:14:     layout_loops_ring, serial_aquarium, aquarium_bridge_long_joined
          [aquarium_subvault_bridge, aquarium_subvault_wall,
          aquarium_subvault_wall, aquarium_subvault_bridge,
          aquarium_subvault_window, aquarium_subvault_bridge],
          aquarium_window_1, aquarium_window_2, aquarium_view_2a,
          chequers_serial_rivers_large_a, uniq_josephine
D:15:     grunt_enter_depths_hoard, layout_basic, grunt_decor_arrowhead,
          serial_shops, nicolae_shop_just_a_little_nook
Lair:1:   layout_long_grid, lemuel_fruit_fields, grunt_megastairs_2
Lair:2:   layout_gridlike, guppyfry_snake_entry_garden, serial_bayou_shore_a,
          uniq_maggie, uniq_urug
Lair:3:   layout_hall_layers, alex1729_swamp_entry_worm_eleionoma
Lair:4:   layout_misc_corridors, infiniplex_staircase_pool
Lair:5:   minmay_lair_end_enchanted_forest, layout_cave_shapes, slime_entry_2
Swamp:1:  layout_basic_swamp, infiniplex_staircase_pool_2, swamp_pool_1_2
Swamp:2:  layout_falls_marsh, gammafunk_ghost_mausoleum,
          nicolae_swamp_stuck_in_the_mud
Swamp:3:  layout_basic_swamp, evilmike_swamp_ruin_house_2
Swamp:4:  swamp_icy, layout_basic_swamp, swamp_pool_3
Snake:1:  layout_misc_corridors
Snake:2:  layout_rooms, drop_trap, st_stairs_3
Snake:3:  layout_honeycomb, lemuel_fruit_tree, uniq_vashnia
Snake:4:  johnstein_snake_rune_scales, layout_onion_interference,
          minmay_shoptagon
Orc:1:    layout_caves, basic_altar
Orc:2:    pubby_orc_utopia, uniq_jorgrun
Elf:1:    layout_loops_corners, serial_shops, bzr_entry_customers,
          hangedman_corner_corridor, hex_medium, uniq_zenata, uniq_donald
Elf:2:    nicolae_elf_blades_crystal_corner, layout_geoelf_grid
Elf:3:    minmay_elf_hall, layout_geoelf_octagon, uniq_aizul
Depths:1: layout_twisted_cross, enter_ziggurat_d, hell_entry,
          abyss_entry_crystal, pan_entry, serial_rivers,
          chequers_serial_rivers_micro_b, chequers_serial_rivers_room_a,
          chequers_serial_rivers_micro_d, chequers_serial_rivers_micro_d,
          chequers_serial_rivers_micro_c, nicolae_uskayaw_dance_hall,
          chequers_serial_rivers_micro_e, minmay_mirror_moons_of_madness,
          minmay_shop_star
Depths:2: minmay_the_grid_net [minmay_the_grid_holed_spiral,
          minmay_the_grid_zigzag_pyramid, minmay_the_grid_expand,
          minmay_the_grid_minigrid_small_alt, minmay_the_grid_rooms,
          minmay_the_grid_prize_diamond_cup], layout_basic, hell_entry,
          grunt_pan_entry_in_and_out, chequers_serial_rivers_micro_b,
          minmay_staircase_windowed_small, firewood_loft, uniq_asterion,
          uniq_boris
Depths:3: minmay_guarded_unrand_sceptre_of_torment, layout_gridlike,
          pf_hell_entry_tar_spiral, mu_enter_wizlab_1,
          hellmonk_sif_muna_bookshelves, abyss_entry, kennysheep_potato,
          serial_bayou_shore_b
Depths:4: evilmike_zot_entry_basic, layout_gridlike, grunt_hell_entry_dis_mu,
          nicolae_figureground_sparkle, minivault_16, grunt_tough_drop
Hell

Skill      XL: |  1  2  3  4  5  6  7  8  9 10 11 12 13 14 15 16 17 18 19 20 21 22 |
---------------+-------------------------------------------------------------------+-----
Ranged Weapons | 4 5 6 7 8 10 13 14 15 16 17 18 19 20 21 22 23 | 23.3
Evocations     | 2 6 8 11 12 14 15 16 17 18 19 20 21 | 21.0
Fighting       | 3 6 8 9 11 13 15 16 17 18 19 20 | 20.6
Dodging        | 2 3 4 5 6 7 8 |  8.8
Stealth        | 1 2 3 4 5 |  5.0
Armour         | 1 2 3 4 5 6 |  6.7
Translocations | 2 5 7 8 10 11 | 11.2
Spellcasting   | 2 |  2.6
Hexes          | 1 4 6 7 |  7.3
Invocations    | |  0.2

Action                     |  1- 3 |  4- 6 |  7- 9 | 10-12 | 13-15 | 16-18 | 19-21 | 22-24 || total
---------------------------+-------+-------+-------+-------+-------+-------+-------+-------++-------
   Fire: Sling             |   128 |   284 |   634 |   855 |   558 |       |       |       ||  2459
         Hand cannon       |       |       |       |   185 |   670 |  1146 |  1132 |   508 ||  3641
   Cast: Dimensional Bulls |       |       |       |       |       |       |     1 |     3 ||     4
 Invoke: Convert to Beogh  |       |       |     1 |       |       |       |       |       ||     1
         Recruit Apostle   |       |       |       |     2 |     2 |     3 |     2 |       ||     9
         Recall Apostles   |       |       |       |     2 |     6 |     3 |       |     3 ||    14
         Dismiss Apostle   |       |       |       |       |     1 |     3 |     2 |       ||     6
Ability: Invent Gizmo      |       |       |       |       |     1 |       |       |       ||     1
  Evoke: Wand              |       |       |       |     1 |       |     1 |     7 |     2 ||    11
    Use: Scroll            |     5 |     5 |    18 |     7 |     4 |     8 |    12 |       ||    59
         Potion            |       |       |     3 |     6 |     1 |     1 |     1 |     1 ||    13
 Armour: Leather armour    |    14 |    35 |    72 |       |       |   438 |   280 |   299 ||  1138
         Steam dragon scal |       |       |   108 |    90 |       |       |       |       ||   198
         Skin              |       |       |       |     9 |       |       |       |       ||     9
         Troll leather arm |       |       |       |    71 |   244 |       |       |       ||   315
  Dodge: Dodged            |    10 |    29 |   138 |    96 |   176 |   278 |   210 |   280 ||  1217

Table legend: (Time is in decaauts)
 A = Elapsed time spent in this place.
 B = Non-inter-level travel time spent in this place.
 C = Inter-level travel time spent in this place.
 D = Time resting spent in this place.
 E = Time spent auto-exploring this place.
 F = Levels seen in this place.
 G = Mean time per level.
                   A        B        C        D        E       F      G
               +--------+--------+--------+--------+--------+-----+--------+
         Total |  37800 |  35743 |   2057 |   4348 |  21093 |  44 |  859.1 |
       Dungeon |  15454 |  14676 |    778 |   1763 |  10258 |  15 | 1030.3 |
          Lair |   4297 |   3930 |    367 |    311 |   2871 |   5 |  859.4 |
         Swamp |   1970 |   1888 |     82 |     53 |   1261 |   4 |  492.5 |
     Snake Pit |   3145 |   3091 |     54 |    150 |   1247 |   4 |  786.2 |
  Orcish Mines |   1787 |   1568 |    219 |     17 |   1077 |   2 |  893.5 |
   Elven Halls |   3378 |   3143 |    235 |    272 |   1619 |   3 | 1126.0 |
        Depths |   5591 |   5273 |    318 |   1208 |   2218 |   4 | 1397.8 |
          Hell |     58 |     58 |      0 |      0 |      0 |   1 |   58.0 |
         Abyss |    562 |    562 |      0 |     11 |    157 |   3 |  187.3 |
        Bazaar |     47 |     47 |      0 |      0 |      0 |   1 |   47.0 |
      Ice Cave |   1070 |   1070 |      0 |    528 |    280 |   1 | 1070.0 |
        Wizlab |    436 |    436 |      0 |     35 |    105 |   1 |  436.0 |
               +--------+--------+--------+--------+--------+-----+--------+

Top non-repeatable levels by time:
    D:10: 2223 daAuts
Depths:1: 2080 daAuts
     D:7: 1506 daAuts
     D:5: 1463 daAuts
   Elf:3: 1386 daAuts
   Orc:2: 1354 daAuts
Depths:3: 1252 daAuts
   Elf:1: 1232 daAuts
     D:9: 1187 daAuts
Depths:4: 1142 daAuts
Depths:2: 1117 daAuts
     D:4: 1086 daAuts
    D:13: 1072 daAuts
   IceCv: 1070 daAuts
 Snake:3: 1048 daAuts
